 Dungeon Crawl Stone Soup version 0.23.2-40-g277498a001 (webtiles) character file.

Game seed: 14165988158971835992

420 Curus the Slasher (level 6, 0/45 HPs)
             Began as a Minotaur Abyssal Knight on Oct 20, 2019.
             Was a Priest of Lugonu.
             Slain by Blork the orc
             ... wielding a +1 dire flail of protection
              (7 damage)
             ... on level 4 of the Dungeon.
             The game lasted 00:12:45 (2716 turns).

Curus the Slasher (Minotaur Abyssal Knight)         Turns: 2716, Time: 00:12:45

Health: 0/45       AC: 15    Str: 16    XL:     6   Next: 62%
Magic:  5/8        EV:  5    Int:  7    God:    Lugonu [***...]
Gold:   159        SH:  0    Dex: 14    Spells: 5/5 levels left

rFire    . . .     SeeInvis .   a - +1 falchion
rCold    + . .     Gourm    .   (no shield)
rNeg     . . .     Faith    .   h - +1 plate armour
rPois    .         Spirit   .   (helmet restricted)
rElec    .         Reflect  .   (no cloak)
rCorr    .         Harm     .   i - +0 pair of gloves
MR       .....                  (no boots)
Stlth    ..........             (no amulet)
HPRegen  0.15/turn              d - ring of protection from cold
MPRegen  0.11/turn              f - +2 ring of dexterity

@: no status effects
A: retaliatory headbutt, horns 2, icy blue scales 1, dopey 1, frail 1,
MP-powered wands
a: Depart the Abyss, Bend Space, Banish, Renounce Religion


You were on level 4 of the Dungeon.
You worshipped Lugonu.
Lugonu was most pleased with you.
You were not hungry.

You visited 1 branch of the dungeon, and saw 4 of its levels.
You visited the Abyss 1 time.

You collected 159 gold pieces.

Inventory:

Hand Weapons
 a - a +1 falchion (weapon)
Armour
 b - a +0 leather armour
 h - a +1 plate armour (worn)
 i - a +0 pair of gloves (worn)
Jewellery
 d - a ring of protection from cold (left hand)
 f - a +2 ring of dexterity (right hand)
Wands
 m - a wand of digging (3)
 n - a wand of clouds (2)
Scrolls
 e - 4 scrolls of identify
 k - 2 scrolls of remove curse
 l - 2 scrolls of teleportation
Potions
 g - 2 potions of heal wounds
 j - a potion of degeneration
Comestibles
 c - 6 rations
 p - 3 chunks of flesh


   Skills:
 - Level 3.6 Fighting
 + Level 6.3 Long Blades
 - Level 2.4 Armour
 - Level 1.1 Dodging
 + Level 5.1 Invocations


You had 5 spell levels left.
You didn't know any spells.
Your spell library was empty.

Dungeon Overview and Level Annotations

Branches:
Dungeon (4/15)
 Temple: D:4-7

Altars:
Yredelemnul

Portals:
Sewer: D:4

Annotations:
D:3 1 runed translucent door, tamionv's ghost, amateur GrFi
D:4 Blork the orc


Innate Abilities, Weirdness & Mutations

You reflexively headbutt those who attack you in melee.
You have a pair of horns on your head.
You are partially covered in icy blue scales. (AC +2)
You are dopey. (Int -2)
You are frail. (-10% HP)
You expend magic power (3 MP) to strengthen your wands.


Message History

Blork the orc is moderately wounded.
Blork the orc hits you with a +1 dire flail of protection.
* * * LOW HITPOINT WARNING * * *
You closely miss Blork the orc.
Blork the orc is moderately wounded.
Blork the orc hits you but does no damage.
Evoke which item? (* to show all) (? for menu, Esc to quit)
Aiming: Cloud Cone
Press: ? - help, Dir - move target cursor, f - Blork the orc
Aim: Blork the orc, wielding a +1 dire flail of protection and wearing a +0 robe (moderately wounded)
You feel a surge of power!
You create a blast of freezing vapour!
The rat is engulfed in freezing vapours.
You kill the rat!
Lugonu accepts your kill.
The rat is engulfed in freezing vapours.
You kill the rat!
Lugonu accepts your kill.
Blork the orc is engulfed in freezing vapours.
Blork the orc hits you with a +1 dire flail of protection!
You die...

#.............#
#.....S.......## .
..r#..........#.# ##
#..##..##)..#.## ...
#.r...........# ####
#.#.............
....# #..§......##.
....#.###§§§.†÷.###
#..@o§§§..).### .
#####§§§..#...#..
#...<..#..#......#
##.....##.....#.##.
#......##........#
...#.#....#...####...
#. #.#....#.....# ..
# # ####.##.##..#
..... .....


You could see Blork the orc.

Vanquished Creatures
  Sigmund (D:3)
  A water moccasin skeleton (D:4)
  Ijyb (D:3)
  Terence (D:2)
  3 gnolls (D:2)
  4 adders
  2 river rats (D:4)
  3 worms (D:2)
  2 dart slugs
  2 leopard geckos
  2 orcs
  3 ball pythons
  11 giant cockroaches
  6 goblins
  4 hobgoblins
  4 kobolds
  A quokka (D:2)
  7 bats
  2 frilled lizards
  A leopard gecko skeleton (D:4)
  8 rats
69 creatures vanquished.

Notes
Turn   | Place    | Note
-------+----------+-------------------------------------------
     0 | Abyss:1  | Curus the Minotaur Abyssal Knight began the quest for the
                  | Orb.
     0 | Abyss:1  | Reached XP level 1. HP: 19/19 MP: 1/1
    15 | D:1      | Escaped the Abyss
   200 | D:1      | Reached skill level 3 in Long Blades
   200 | D:1      | Reached XP level 2. HP: 26/26 MP: 2/2
   578 | D:1      | Reached ** piety under Lugonu
   877 | D:2      | Reached XP level 3. HP: 31/31 MP: 2/4
   968 | D:2      | Reached skill level 4 in Long Blades
   972 | D:2      | Noticed Terence
   982 | D:2      | Killed Terence
   982 | D:2      | Reached XP level 4. HP: 20/39 MP: 5/5
  1272 | D:2      | Gained mutation: You are partially covered in icy blue
                  | scales. (AC +2) [potion of mutation]
  1272 | D:2      | Gained mutation: You are dopey. (Int -2) [potion of
                  | mutation]
  1272 | D:2      | Gained mutation: You are frail. (-10% HP) [potion of
                  | mutation]
  1272 | D:2      | Gained mutation: You expend magic power (3 MP) to
                  | strengthen your wands. [potion of mutation]
  1491 | D:2      | Found a basalt altar of Yredelemnul.
  1824 | D:3      | Reached XP level 5. HP: 22/40 MP: 6/6
  1996 | D:3      | Noticed Ijyb
  2014 | D:3      | Killed Ijyb
  2014 | D:3      | Reached skill level 5 in Long Blades
  2120 | D:3      | Reached *** piety under Lugonu
  2158 | D:3      | Found a runed translucent door.
  2159 | D:3      | Noticed tamionv's ghost (amateur GrFi)
  2256 | D:3      | Noticed Sigmund
  2267 | D:3      | Killed Sigmund
  2267 | D:3      | Reached XP level 6. HP: 13/45 MP: 0/8
  2570 | D:4      | Reached skill level 6 in Long Blades
  2672 | D:4      | Found a glowing drain.
  2673 | D:4      | Noticed Blork the orc
  2697 | D:4      | Reached skill level 5 in Invocations
  2716 | D:4      | Slain by Blork the orc

Skill      XL: |  1  2  3  4  5  6 |
---------------+-------------------+-----
Invocations    | 2 3 4 5 |  5.1
Long Blades    | 3 4 5 6 |  6.3
Fighting       | |  3.6
Armour         | |  2.4
Dodging        | |  1.1

Action                   |  1- 3 |  4- 6 || total
-------------------------+-------+-------++-------
Melee: Falchion          |    86 |   173 ||   259
       Headbutt          |    15 |    29 ||    44
Evoke: Wand              |       |     1 ||     1
  Use: Scroll            |     4 |     1 ||     5
       Potion            |     1 |     4 ||     5
  Eat: Chunk             |       |     6 ||     6
Armor: Plate armour      |    69 |   113 ||   182
       Leather armour    |     1 |       ||     1
Dodge: Dodged            |    17 |    38 ||    55
       Rpst.: Falchion   |     3 |    16 ||    19
